 Dungeon Crawl Stone Soup version 0.27.1-34-g3ba077fa99 (webtiles) character file.

Game seed: 7828582858691128461

76 croobank the Ruffian (level 3, -2/28 HPs)
             Began as a Demigod Transmuter on Jan 19, 2022.
             Slain by a gnoll (4 damage)
             ... on level 2 of the Dungeon.
             The game lasted 00:04:03 (1732 turns).

croobank the Ruffian (Demigod Transmuter)           Turns: 1732, Time: 00:04:04

Health: -2/28      AC:  5    Str: 15    XL:     3   Next: 89%
Magic:  8/9        EV: 12    Int: 15    God:
Gold:   110        SH:  0    Dex: 14    Spells: 4/7 levels left

rFire    . . .     SeeInvis .   a - +1 hand axe (venom)
rCold    . . .     Faith    .   (no shield)
rNeg     . . .     Spirit   .   b - +0 robe
rPois    .         Reflect  .   (no helmet)
rElec    .         Harm     .   h - +1 cloak
rCorr    .         Rampage  .   (no gloves)
Will     .....                  i - +0 pair of boots
Stlth    ++........             (no amulet)
HPRegen  0.09/turn              (no ring)
MPRegen  0.11/turn              (no ring)

@: no status effects
A: high mp 1, forlorn
a: no special abilities


You were on level 2 of the Dungeon.
You visited 1 branch of the dungeon, and saw 2 of its levels.

You collected 110 gold pieces.

Inventory:

Hand Weapons
 a - a +1 hand axe of venom (weapon)
 l - a +0 halberd of protection
Missiles
 f - 25 stones
 j - 14 arrows
Armour
 b - a +0 robe (worn)
 d - a +0 leather armour
 h - a +1 cloak (worn)
 i - a +0 pair of boots (worn)
Scrolls
 c - a scroll of blinking {unknown}
 e - a scroll of teleportation {unknown}
 g - a scroll of amnesia {unknown}
 k - a scroll of immolation {unknown}


   Skills:
 + Level 1.0 Fighting
 + Level 1.1 Axes
 + Level 2.3 Dodging
 + Level 0.6 Stealth
 + Level 2.8 Unarmed Combat
 + Level 2.5 Spellcasting
 + Level 2.2 Transmutations


You had 4 spell levels left.
You knew the following spells:

 Your Spells              Type           Power      Damage    Failure   Level
a - Beastly Appendage     Tmut           16%        N/A       9%          1
b - Wereblood             Tmut           8%         N/A       13%         2

Your spell library contained the following spells:

 Spells                   Type           Power      Damage    Failure   Level
 Spider Form              Tmut/Pois      2%         N/A       36%         3
 Ice Form                 Ice/Tmut       5%         N/A       78%         4


Dungeon Overview and Level Annotations

Branches:
Dungeon (2/15)


Innate Abilities, Weirdness & Mutations

Your attributes grow dramatically as you level up.
You have an increased reservoir of magic. (+10% MP)
You shall have no god before yourself.


Message History

Your primal bloodlust is almost over.
You hear a shout!
Your Axes skill increases to level 1!
You hit the gnoll.
The gnoll is moderately wounded.
You howl as the wereblood boils in your veins!
The gnoll misses you. The gnoll barely misses you.
You hit the gnoll.
The gnoll is poisoned.
The gnoll is severely wounded.
The gnoll barely misses you. x2
You slash the gnoll!
You feel a bit better.
You kill the gnoll!
The gnoll hits you from afar with a +0 spear.
The gnoll barely misses you.
Things that are here:
a +0 whip; a +0 whip; a gnoll corpse Your primal bloodlust has ended.
The gnoll closely misses you. The gnoll hits you with a +0 spear.
You closely miss the gnoll. x2; The gnoll barely misses you.
The gnoll closely misses you.
You hit the gnoll.
The gnoll is poisoned.
The gnoll is lightly wounded.
You hit the gnoll.
The gnoll is poisoned.
The gnoll barely misses you. The gnoll hits you but does no damage.
The gnoll barely misses you.
You hit the gnoll but do no damage.
The gnoll looks as sick as possible!
The gnoll is moderately wounded.
You hit the gnoll. The gnoll closely misses you. x2
The gnoll hits you with a +0 spear!
You hit the gnoll but do no damage.
The gnoll looks as sick as possible!
The gnoll is heavily wounded.
You hit the gnoll.
You kill the gnoll!
The gnoll misses you.
Your Fighting skill increases to level 1!
The gnoll hits you from afar with a +0 spear!
* * * LOW HITPOINT WARNING * * *
You see here a +0 halberd of protection.
l - a +0 halberd of protection The gnoll hits you from afar with a +0 spear.
You die...

#......#.#.#.#
###.......#.#.#......#
...........#.#.......#
###.........#........#
##..##......#........#
.#..#.#.....#...8....#
....##.....###8...8..#
..#.#.#.....#........#
....###.....#...@....#
.#..##.....#†#.......##
....+.......†.†g)?....#
#...##.....#†#........#
....###.....#.?.......##
#...# #.....#...........
#...##.....###8..†8.....
#...#.#.... #...8.......
##..# ..... #...........


You could see a gnoll (poisoned).

Vanquished Creatures
  3 gnolls (D:2)
  2 dart slugs (D:1)
  4 ball pythons
  3 endoplasms
  A giant cockroach (D:1)
  A goblin (D:1)
  5 hobgoblins (D:1)
  8 jackals
  2 quokkas
  5 bats
  A frilled lizard (D:1)
  3 kobolds (D:1)
  A rat (D:1)
39 creatures vanquished.

Notes
Turn   | Place    | Note
-------+----------+-------------------------------------------
     0 | D:1      | croobank the Demigod Transmuter began the quest for the
                  | Orb.
     0 | D:1      | Reached XP level 1. HP: 15/15 MP: 5/5
   447 | D:1      | Reached XP level 2. HP: 15/22 MP: 5/7
   450 | D:1      | Learned a level 2 spell: Wereblood
  1584 | D:2      | Reached XP level 3. HP: 22/27 MP: 6/8
  1722 | D:2      | Reached skill level 1 in Axes
  1731 | D:2      | Reached skill level 1 in Fighting
  1732 | D:2      | Slain by a gnoll

Illustrated notes

Levels and vault maps discovered:
D:1:      saegor_arrival_simple_c, layout_loops_ring,
          corexii_item_surrounded_by_moat
D:2:      wad_pebble_path, layout_rooms, uniq_natasha

Skill      XL: |  1  2  3 |
---------------+----------+-----
Dodging        | 2 |  2.3
Spellcasting   | 2 |  2.5
Transmutations | 2 |  2.2
Axes           | 1 |  1.1
Fighting       | 1 |  1.0
Stealth        | |  0.6
Unarmed Combat | |  2.8

Action                   || total
-------------------------++-------
Melee: Hand axe          ||   104
       Kick              ||    14
       Headbutt          ||     8
 Cast: Beastly Appendage ||    20
       Wereblood         ||     2
Armor: Robe              ||    31
Dodge: Dodged            ||    98
